 Dungeon Crawl Stone Soup version 0.30.0-10-gfe55d96785 (webtiles) character file.

Game seed: 4660724791727234130

286210 sasquatch the Cryomancer (level 19, -6/154 HPs)
             Began as a Green Draconian Ice Elementalist on May 14, 2023.
             Was a High Priest of Sif Muna.
             Mangled by a rockslime (22 damage)
             ... created by the Royal Jelly
             ... on level 5 of the Pits of Slime.
             The game lasted 02:23:08 (70720 turns).

sasquatch the Cryomancer (DrIE)                    Turns: 70720, Time: 02:23:09

Health: -6/154     AC: 12    Str: 17    XL:     19   Next: 83%
Magic:  13/38      EV: 14    Int: 30    God:    Sif Muna [*****.]
Gold:   1631       SH:  6    Dex:  9    Spells: 8/48 levels left

rFire   + . .        d - staff of cold
rCold   + + .        G - +0 buckler {rPois}
rNeg    + + .        (body armour unavailable)
rPois   +            m - -2 hat of the Alchemist {rElec rPois rF+ rC+ rN+ Will+ rMut rCorr}
rElec   +            H - +2 cloak
rCorr   +            t - +2 pair of gloves
SInv    .            N - +1 pair of boots of Classification {Will++}
Will    ++++.        I - amulet of magic regeneration
Stlth   ++           s - ring of Fixation {Wiz rPois rN+ Str+6}
HPRegen 0.45/turn    J - +6 ring of intelligence
MPRegen 0.66/turn

%: resist mutation, wizardry (x1)
@: in a vortex, corroded, flying (expiring), very slightly contaminated
A: breathe noxious fumes, AC +10, unfitting armour, stinger 1, poison
resistance, cold-blooded, clumsy 1
}: 2/15 runes: decaying, gossamer
a: Breathe Noxious Fumes, Renounce Religion, Channel Magic, Forget Spell, Divine
Exegesis


You were on level 5 of the Pits of Slime.
You worshipped Sif Muna.
Sif Muna was extremely pleased with you.
You visited 9 branches of the dungeon, and saw 40 of its levels.
You also visited: Sewer and Ice Cave.

You collected 3812 gold pieces.
You spent 2181 gold pieces at shops.

Inventory:

Hand Weapons
 O - a +3 falchion of flaming
Armour
 m - the -2 hat of the Alchemist (worn) {rElec rPois rF+ rC+ rN+ Will+ rMut rCorr}
   (You bought it in a shop on level 2 of the Orcish Mines)

   rF:        It protects you from fire.
   rC:        It protects you from cold.
   rElec:     It insulates you from electricity.
   rPois:     It protects you from poison.
   rN:        It protects you from negative energy.
   rCorr:     It protects you from acid and corrosion.
   rMut:      It protects you from mutation.
   Will:      It increases your willpower.
 t - a +2 pair of gloves (worn)
 F - a scarf of harm
 G - a +0 buckler of poison resistance (worn)
 H - a +2 cloak (worn)
 N - the +1 pair of boots of Classification (worn) {Will++}
   (You found it on level 4 of the Spider Nest)

   Will:      It greatly increases your willpower.
 Y - the +1 cloak of Parts Unknown {+Blink rPois Will++ Slay-5}
   (You found it on level 4 of the Lair of Beasts)

   Slay:      It affects your accuracy & damage with ranged weapons and melee
   (-5).
   rPois:     It protects you from poison.
   +Blink:    It lets you blink.
   Will:      It greatly increases your willpower.
Magical Staves
 d - a staff of cold (weapon)
Jewellery
 k - a ring of ice
 s - the ring of Fixation (left hand) {Wiz rPois rN+ Str+6}
   (You took it off a deep elf archer on level 3 of the Elven Halls)

   [ring of wizardry]

   It improves your spell success rate.
   Str:       It affects your strength (+6).
   rPois:     It protects you from poison.
   rN:        It protects you from negative energy.
 I - an amulet of magic regeneration (around neck)
 J - a +6 ring of intelligence (right hand)
 P - the ring of the Foremost Defenders {rC+ rN+ Int+2}
   (You found it on level 4 of the Swamp)

   [ring of protection from cold]

   Int:       It affects your intelligence (+2).
   rC:        It protects you from cold.
   rN:        It protects you from negative energy.
 S - the ring "Wuemm" {Fire Int+4 SInv Stlth-}
   (You took it off a deep elf elementalist on level 3 of the Elven Halls)

   [ring of fire]

   It enhances your fire magic.
   Int:       It affects your intelligence (+4).
   rF:        It protects you from fire.
   rC:        It makes you vulnerable to cold.
   SInv:      It lets you see invisible.
   Stlth:     It makes you less stealthy.
Wands
 j - a wand of roots (27)
 y - a wand of light (16)
 A - a wand of flame (123)
 L - a wand of mindburst (21)
 W - a wand of polymorph (13)
 X - a wand of digging (8)
Scrolls
 c - 3 scrolls of fog
 f - 3 scrolls of magic mapping
 h - 8 scrolls of teleportation
 w - 3 scrolls of vulnerability
 z - 2 scrolls of fear
 B - 9 scrolls of poison
 C - 5 scrolls of amnesia
 D - 14 scrolls of identify
 E - 2 scrolls of brand weapon
 M - 3 scrolls of enchant weapon
 Q - 4 scrolls of silence
 R - a scroll of butterflies
 V - 4 scrolls of enchant armour
 Z - 4 scrolls of torment
Potions
 a - 5 potions of magic
 b - a potion of brilliance
 g - a potion of haste
 i - 6 potions of lignification
 l - 6 potions of attraction
 n - 5 potions of mutation
 o - 9 potions of ambrosia
 p - 7 potions of might
 q - 2 potions of berserk rage
 r - 3 potions of heal wounds
 u - 4 potions of flight
 v - 8 potions of cancellation
 x - 5 potions of curing
 K - 3 potions of resistance
 T - a potion of invisibility
Miscellaneous
 U - a tin of tremorstones (2/2)


   Skills:
 - Level 10.0 Fighting
 - Level 10.0 Dodging
 - Level 1.7 Stealth
 - Level 10.0 Shields
 + Level 15.0 Spellcasting
 - Level 8.0 Conjurations
 - Level 8.0 Transmutations
 - Level 24.0 Ice Magic
 - Level 8.0 Earth Magic
 - Level 10.0 Invocations


You had 8 spell levels left.
You knew the following spells:

 Your Spells              Type           Power      Damage    Failure   Level
a - Polar Vortex          Ice            64%        N/A       5%          9
b - Irradiate             Conj/Tmut      31%        3d22      1%          5
c - Ozocubu's Armour      Ice            100%       N/A       0%          3
d - Summon Ice Beast      Ice/Summ       97%        N/A       1%          4
e - Ice Form              Ice/Tmut       100%       N/A       1%          4
f - Ozocubu's Refrigerat  Ice            64%        4d21      1%          7
g - Freezing Cloud        Conj/Ice/Air   46%        6-21      1%          5
h - Stone Arrow           Conj/Erth      100%       3d13      1%          3

Your spell library contained the following spells:

 Spells                   Type           Power      Damage    Failure   Level
 Freeze                   Ice            100%       1d10      0%          1
 Frozen Ramparts          Ice            100%       1d16      0%          3
 Hailstorm                Conj/Ice       100%       3d20      0%          3
 Kiss of Death            Conj/Necr      100%       2d13      1%          1
 Magic Dart               Conj           100%       1d8       1%          1
 Necrotise                Necr           88%        1d8       1%          1
 Sandblast                Erth           100%       2d20      1%          1
 Shock                    Conj/Air       100%       1d9       1%          1
 Sting                    Tmut/Pois      100%       1d8       1%          1
 Summon Small Mammal      Summ           88%        N/A       1%          1
 Cigotuvi's Dreadful Rot  Necr/Pois/Air  44%        N/A       1%          2
 Ensorcelled Hibernation  Hex/Ice        100%       N/A       1%          2
 Lesser Beckoning         Tloc           44%        N/A       1%          2
 Momentum Strike          Conj/Tloc      92%        3d10      1%          2
 Passwall                 Tmut/Erth      52%        N/A       1%          2
 Poisonous Vapours        Pois/Air       44%        N/A       1%          2
 Scorch                   Fire           44%        2d7       1%          2
 Searing Ray              Conj           100%       2d8       1%          2
 Static Discharge         Conj/Air       92%        2-6/arc   1%          2
 Sublimation of Blood     Necr           22%        N/A       1%          2
 Wereblood                Tmut           63%        N/A       1%          2
 Ignite Poison            Fire/Tmut/Pois 38%        N/A       1%          3
 Mephitic Cloud           Conj/Pois/Air  38%        N/A       1%          3
 Fulminant Prism          Conj/Hex       23%        3d12      1%          4
 Iskenderun's Mystic Bla  Conj/Tloc      46%        2d10      1%          4
 Petrify                  Tmut/Erth      63%        N/A       1%          4
 Blade Hands              Tmut           31%        N/A       1%          5
 Iskenderun's Battlesphe  Conj           63%        2d11      1%          5
 Metabolic Englaciation   Hex/Ice        48%        N/A       1%          5
 Simulacrum               Ice/Necr       48%        N/A       1%          6
 Call Canine Familiar     Summ           22%        N/A       3%          3
 Confusing Touch          Hex            22%        N/A       3%          3
 Gell's Gravitas          Tloc           22%        N/A       3%          3
 Inner Flame              Hex/Fire       22%        N/A       3%          3
 Swiftness                Air            22%        N/A       3%          3
 Teleport Other           Tloc           22%        N/A       3%          3
 Vampiric Draining        Necr           22%        2d7       3%          3
 Vhi's Electric Charge    Tloc/Air       44%        N/A       3%          3
 Alistair's Intoxication  Tmut/Pois      30%        N/A       5%          5
 Borgnjor's Vile Clutch   Necr/Erth      23%        N/A       5%          5
 Fireball                 Conj/Fire      23%        3d11      5%          5
 Yara's Violent Unravell  Hex/Tmut       23%        3d10      5%          5
 Iron Shot                Conj/Erth      31%        9d6       6%          6
 Statue Form              Tmut/Erth      42%        N/A       6%          6
 Airstrike                Air            11%        2d(2-18)  10%         4
 Anguish                  Hex/Necr       11%        N/A       10%         4
 Animate Dead             Necr           22%        N/A       10%         4
 Cause Fear               Hex            11%        N/A       10%         4
 Dispel Undead            Necr           22%        3d12      10%         4
 Olgreb's Toxic Radiance  Pois           22%        N/A       10%         4
 Summon Lightning Spire   Summ/Air       22%        N/A       10%         4
 Agony                    Necr           22%        N/A       26%         5
 Summon Forest            Summ/Tloc      11%        N/A       26%         5
 Summon Mana Viper        Hex/Summ       22%        N/A       26%         5
 Conjure Ball Lightning   Conj/Air       23%        3x3d6     28%         6
 Eringya's Noxious Bog    Tmut/Pois      23%        N/A       28%         6
 Starburst                Conj/Fire      23%        6d8       28%         6
 Dragon Form              Tmut           31%        N/A       30%         7
 Orb of Destruction       Conj           31%        9d10      30%         7
 Death Channel            Necr           11%        N/A       80%         6
 Summon Cactus Giant      Summ           11%        N/A       80%         6
 Spellforged Servitor     Conj/Summ      23%        N/A       82%         7
 Storm Form               Tmut/Air       23%        N/A       82%         7
 Enfeeble                 Hex            11%        N/A       100%        7
 Haunt                    Necr/Summ      11%        N/A       100%        7
 Malign Gateway           Summ/Tloc      11%        N/A       100%        7
 Monstrous Menagerie      Summ           11%        N/A       100%        7
 Summon Hydra             Summ           11%        N/A       100%        7
 Borgnjor's Revivificati  Necr           11%        N/A       100%        8
 Discord                  Hex            11%        N/A       100%        8
 Disjunction              Tloc           11%        N/A       100%        8
 Chain Lightning          Conj/Air       23%        3d30      100%        9
 Dragon's Call            Summ           11%        N/A       100%        9
 Fire Storm               Conj/Fire      23%        8d6       100%        9
 Shatter                  Erth           31%        3d26*     100%        9


Dungeon Overview and Level Annotations

Branches:
Dungeon (15/15)            Temple (1/1) D:5            Lair (5/5) D:9
  Swamp (4/4) Lair:3       Spider (4/4) Lair:3        Slime (5/5) Lair:4
    Orc (2/2) D:12            Elf (3/3) Orc:2        Vaults (1/5) D:13
 Depths (0/4) D:15          Sewer (visited)           IceCv (visited)

Altars:
Ashenzari
Cheibriados
Dithmenos
Elyvilon
Fedhas
Gozag
Hepliaklqana
Kikubaaqudgha
Makhleb
Nemelex Xobeh
Okawaru
Qazlal
Ru
Sif Muna
Trog
Uskayaw
Vehumet
Wu Jian
Xom
Yredelemnul
Zin
The Shining One
Jiyva

Shops:
D:7 (   D:8 ?   D:12 [   Orc:2 ?=[?[

Annotations:
Swamp:3 1 runed translucent door, Ypsiuj's ghost, adept GnSk
Spider:1 1 runed translucent door, Cheops's ghost, adept DrFE
Spider:4 1 exclusion
Slime:5 Royal Jelly
Elf:1 Roxanne
Elf:2 3 runed translucent doors


Innate Abilities, Weirdness & Mutations

You can breathe blasts of noxious fumes.
Your lurid green scales are hard. (AC +10)
You cannot fit into any form of body armour.
Your tail ends in a venomous barb.
Your system is resistant to poisons. (rPois)
You are cold-blooded and may be slowed by cold attacks.
You are clumsy. (Dex -2)


Message History

The heat is drained from your surroundings.
You kill the great orb of eyes!
Sif Muna accepts your kill.
Unknown command.
You start resting.
The Royal Jelly is nearby!
The Royal Jelly quivers.
Casting: Ozocubu's Refrigeration (safe; 1% risk of failure)
Confirm with . or Enter, or press ? or * to list all spells.
You feel a surge of power!
You miscast Polar Vortex.
You are very lightly contaminated with residual magic.
Nothing appears to happen.
Casting: Polar Vortex (dangerous; 5% risk of failure)
Confirm with . or Enter, or press ? or * to list all spells.
You feel a surge of power!
A great freezing vortex appears and lifts you up.
The Royal Jelly shudders vigorously.
The Royal Jelly spits out two more jellies.
The Royal Jelly hits you! The acid corrodes you!
You are splashed with acid.
You resist. The Royal Jelly hits you!
You are splashed with acid.
You resist.
The Royal Jelly shudders violently.
The Royal Jelly spits out three more jellies.
The Royal Jelly hits you!!!
* * * LOW HITPOINT WARNING * * *
You are splashed with acid.
You resist.
* * * LOW HITPOINT WARNING * * *
The Royal Jelly hits you!
* * * LOW HITPOINT WARNING * * *
You are splashed with acid.
You resist.
* * * LOW HITPOINT WARNING * * *
The quicksilver ooze attacks as you move away!
The quicksilver ooze hits you.
You block the quicksilver ooze's attack.
You kill the rockslime!
That felt strangely unrewarding.
You kill the quicksilver ooze!
That felt strangely unrewarding.
The Royal Jelly shudders violently.
The Royal Jelly spits out four more jellies.
The rockslime hits you!!
You die...

#####......##* #............#*
..............#*
...............#####
............§§§§§§§#
............§§§§§§§####
............§§§§§§§§#.#
............§§§§§§§§§##*#
............§§J§@§§§§.#.#
J...........§§J§J§§§§..###
J...........§JJJJ§§§§....#
............§§J§§§§§§....#*
............§§§§§§§§§.....#
...................^.....##*
.##.###.#................#,*
###.##**##.................****
,*#..#*,*##.................*,*


You could see the Royal Jelly, 3 acid blobs, 2 rockslimes and 2 quicksilver
oozes.

Vanquished Creatures
  Arachne (Spider:4)
  Jorgrun (D:14)
  Asterion (Spider:2)
  2 deep elf master archers (Elf:3)
  The ghost of Suryr the Thaumaturge, an adept GnHW of Sif Muna (Swamp:4)
  2 deep elf blademasters (Elf:3)
  13 acid blobs
  Frances (Swamp:1)
  Kirke (Swamp:1)
  2 thorn hunters (Swamp:4)
  Agnes (Elf:2)
  7 deep elf sorcerers (Elf:3)
  8 rockslimes
  5 azure jellies
  2 emperor scorpions (Spider:4)
  2 ghost moths
  Aizul (Swamp:1)
  Louise (Swamp:1)
  5 deep elf elementalists
  8 quicksilver oozes (Slime:5)
  3 deep elf demonologists
  A vampire knight (Swamp:4)
  4 eleionomae
  8 bunyips
  5 deep elf annihilators
  Azrael (Elf:1)
  2 spark wasps (Spider:4)
  6 deep elf death magi (Elf:3)
  An ettin (D:15)
  A fire dragon (D:14)
  2 deep elf high priests (Elf:3)
  2 shambling mangroves (Swamp:4)
  Harold (D:11)
  4 great orbs of eyes
  An entropy weaver (Spider:4)
  14 hydras
  A ghost crab (Swamp:3)
  5 ogre magi
  3 catoblepae
  An ice dragon (shapeshifter) (D:10)
  4 centaur warriors
  4 vault guards (D:13)
  4 boulder beetles
  29 two-headed ogres
  A deep troll shaman (Lair:5)
  8 alligators
  13 dancing weapons
  7 death yaks
  3 tengu warriors
  An orc high priest (Orc:1)
  Amaemon (Lair:3)
  12 deep elf knights
  Sonja (Lair:1)
  The ghost of smokingjp the Basher, a novice GrRe of Qazlal (D:8)
  A skyshark (Lair:5)
  A fire crab (shapeshifter) (D:8)
  6 pharaoh ants
  4 sun moths
  10 goliath frogs
  9 swamp dragons
  4 skeletal warriors (D:13)
  A sea snake (shapeshifter) (D:8)
  2 spriggan druids
  5 orb spiders
  A wizard (D:14)
  6 bog bodies
  3 spectral hydras (Swamp:4)
  3 phantasmal warriors (Swamp:4)
  11 deep elf archers
  A lindwurm (Lair:1)
  2 steelbarb worms
  21 deep elf zephyrmancers
  2 necromancers (D:15)
  26 deep elf pyromancers
  3 oklob plants (Swamp:4)
  3 orc knights
  An ironbound convoker (Vaults:1)
  3 will-o-the-wisps
  9 ugly things
  10 wolf spiders
  3 manticores
  4 moths of wrath
  4 orc sorcerers
  2 shining eyes
  7 demonic crawlers
  27 elephants
  A cyclops (D:14)
  3 black mambas
  Maurice (Orc:2)
  A guardian serpent (shapeshifter) (Elf:2)
  5 cane toads
  2 gargoyles
  2 unseen horrors
  Psyche (D:8)
  A rime drake (Lair:5)
  A torpor snail (Spider:3)
  A tengu conjurer (D:10)
  A yaktaur (D:10)
  4 komodo dragons
  2 freezing wraiths
  3 kobold demonologists
  A troll (shapeshifter) (D:15)
  A death drake zombie (Swamp:4)
  2 bloated husks
  4 meliai
  A polar bear (Lair:5)
  5 hydra zombies
  8 trolls
  7 tyrant leeches
  3 hydra skeletons (Swamp:4)
  19 hornets
  22 tarantellas
  A death drake skeleton (Swamp:4)
  A raiju (shapeshifter) (D:8)
  13 dream sheep
  12 blink frogs (Lair:5)
  12 jumping spiders
  64 slime creatures
  6 air elementals
  2 jumping spiders (shapeshifter)
  12 culicivoras
  A wraith (D:10)
  16 spriggans
  7 water elementals
  2 shadows
  Eustachio (D:4)
  2 fire elementals (Elf:1)
  3 hogs (Swamp:1)
  57 yaks
  5 wyverns
  A yak (shapeshifter) (Elf:1)
  15 vampire mosquitoes
  A human (shapeshifter) (D:15)
  Grum (D:8)
  A golden eye (shapeshifter) (Elf:3)
  3 basilisks
  3 steam dragons
  60 redbacks
  3 wargs
  A neqoxec (D:8)
  17 swamp worms
  3 hell hounds (Elf:1)
  Duvessa (D:6)
  4 acid dragons
  A floating eye (shapeshifter) (D:14)
  3 hydra simulacra (Swamp:4)
  15 water moccasins
  A black bear (shapeshifter) (D:10)
  7 swamp drakes
  3 ice beasts
  18 orc warriors
  Pargi (Sewer)
  A sky beast (D:7)
  2 swamp dragon zombies (Swamp:4)
  30 ogres
  A black bear (Lair:4)
  13 centaurs
  12 wolves
  2 phantoms
  4 kobold brigands
  9 bullfrogs
  2 gnoll sergeants (D:8)
  3 earth elementals
  3 scorpions
  4 wights (D:6)
  Dowan (D:6)
  7 killer bees
  9 howler monkeys
  3 electric eels
  4 hounds
  A jelly (D:6)
  6 orc priests
  2 gnoll boudas
  Terence (D:2)
  3 iguanas
  A sleepcap (D:5)
  Natasha (thrice) (D:2)
  17 orc wizards
  2 ogre zombies (D:12)
  A boggart simulacrum (D:14)
  Robin (D:2)
  11 adders
  15 gnolls
  A river rat (D:6)
  2 white imps
  An ufetubus (D:4)
  2 worms
  12 dart slugs
  66 orcs
  4 ball pythons
  5 bats
  A bat skeleton (D:2)
  7 endoplasms
  4 giant cockroaches
  15 goblins
  8 hobgoblins
  8 jackals
  19 kobolds
  A quokka (D:6)
  2 ball python skeletons (D:2)
  A ball python zombie (D:2)
  11 frilled lizards
  A goblin skeleton (D:12)
  4 goblin zombies (D:12)
  2 hobgoblin skeletons (D:12)
  A hobgoblin zombie (D:12)
  An orc skeleton (D:12)
  7 orc zombies (D:12)
  8 rats
1265 creatures vanquished.

Vanquished Creatures (collateral kills)
  Mlioglotl (Swamp:1)
  An emperor scorpion (Spider:3)
  A vampire knight (Swamp:3)
  A dire elephant (Lair:5)
  A two-headed ogre (Orc:2)
  A deep elf knight (Elf:3)
  A skeletal warrior (D:10)
  2 bog bodies (Lair:3)
  An orb spider (Spider:4)
  A steelbarb worm (Spider:4)
  A black mamba (Lair:1)
  An orange demon (Lair:3)
  A kobold demonologist (D:12)
  A tarantella (Spider:3)
  3 jumping spiders (Spider:3)
  A shadow (D:12)
  A culicivora (Spider:2)
  A yak (D:12)
  2 wraiths
  A vampire mosquito (D:13)
  A redback (Spider:1)
  A water moccasin (Lair:1)
  2 orc warriors
  2 wolves (Lair:2)
  3 ogres (Orc:2)
  A kobold brigand (D:12)
  A troll zombie (D:12)
  A howler monkey (D:9)
  An orc priest (D:12)
  An orc wizard (D:9)
  3 ogre zombies (D:12)
  A gnoll (D:8)
  3 orcs
  A goblin zombie (D:12)
  A hobgoblin zombie (D:12)
  A kobold (D:9)
  An orc zombie (D:12)
49 creatures vanquished.

Vanquished Creatures (others)
  A spriggan druid (Swamp:4)
  4 foxfires
5 creatures vanquished.

Grand Total: 1319 creatures vanquished

Notes
Turn   | Place    | Note
-------+----------+-------------------------------------------
     0 | D:1      | sasquatch the Draconian Ice Elementalist began the quest
                  | for the Orb.
     0 | D:1      | Reached XP level 1. HP: 14/14 MP: 3/3
     6 | D:1      | Noticed a black bear
     6 | D:1      | Noticed a snapping turtle
     6 | D:1      | Noticed a five-headed hydra
     7 | D:1      | Noticed a redback
   344 | D:1      | Reached XP level 2. HP: 20/20 MP: 1/5
   461 | D:1      | Found a faded altar of an unknown god.
  1015 | D:2      | Reached XP level 3. HP: 26/26 MP: 3/6
  1019 | D:2      | Learned a level 3 spell: Frozen Ramparts
  1110 | D:2      | Reached skill level 5 in Ice Magic
  1111 | D:2      | Reached XP level 4. HP: 15/33 MP: 0/8
  1208 | D:2      | Noticed Terence
  1221 | D:2      | Killed Terence
  1477 | D:2      | Noticed Natasha
  1484 | D:2      | Killed Natasha
  1676 | D:2      | Learned a level 3 spell: Ozocubu's Armour
  2053 | D:2      | Noticed Robin
  2057 | D:2      | Reached XP level 5. HP: 38/38 MP: 5/9
  2064 | D:2      | Killed Robin
  2192 | D:2      | Noticed Natasha
  2197 | D:2      | Killed Natasha
  2250 | D:2      | Noticed Natasha
  2256 | D:2      | Killed Natasha
  2257 | D:2      | Reached skill level 6 in Ice Magic
  2698 | D:2      | Learned a level 4 spell: Summon Ice Beast
  2959 | D:3      | Found a stormy altar of Qazlal.
  3058 | D:3      | Identified the +0 flail of the Enfolding Gods {freeze,
                  | Dex+6}
  3295 | D:3      | Reached XP level 6. HP: 45/45 MP: 7/11
  3489 | D:3      | Found a bloodstained altar of Trog.
  3675 | D:3      | Found an iron altar of Okawaru.
  4043 | D:4      | Noticed Eustachio
  4056 | D:4      | Killed Eustachio
  4057 | D:4      | Reached skill level 7 in Ice Magic
  4257 | D:4      | Your scales start taking on a lurid green colour.
  4257 | D:4      | Reached XP level 7. HP: 50/50 MP: 6/13
  4257 | D:4      | Gained mutation: Your system is resistant to poisons.
                  | (rPois) [Green Draconian growth]
  5161 | D:5      | Entered Level 5 of the Dungeon
  5172 | D:5      | Reached skill level 8 in Ice Magic
  5317 | D:5      | Reached skill level 5 in Spellcasting
  5521 | D:5      | Reached XP level 8. HP: 57/57 MP: 6/15
  5881 | D:5      | Found a white marble altar of Elyvilon.
  5950 | D:5      | Found a staircase to the Ecumenical Temple.
  6051 | Temple   | Entered the Ecumenical Temple
  6250 | Temple   | Became a worshipper of Sif Muna the Loreminder
  6515 | D:5      | Found a bloodstained altar of Trog.
  6517 | D:5      | Found a hazy altar of Hepliaklqana.
  6517 | D:5      | Found a shimmering altar of Xom.
  6519 | D:5      | Found an iron altar of Okawaru.
  6519 | D:5      | Found a hazy altar of Hepliaklqana.
  6519 | D:5      | Found a shimmering altar of Xom.
  6713 | D:6      | Found a sparkling altar of Nemelex Xobeh.
  6759 | D:6      | Reached skill level 9 in Ice Magic
  6829 | D:6      | Found a glowing drain.
  6833 | Sewer    | Entered a sewer
  6847 | Sewer    | Noticed Pargi
  6851 | Sewer    | Killed Pargi
  7219 | D:6      | Found a burning altar of Makhleb.
  7314 | D:6      | Noticed Dowan
  7316 | D:6      | Noticed Duvessa
  7323 | D:6      | Killed Dowan
  7424 | D:6      | Killed Duvessa
  7569 | D:6      | Reached skill level 10 in Ice Magic
  8003 | D:6      | Reached * piety under Sif Muna
  8004 | D:6      | Reached XP level 9. HP: 35/61 MP: 10/18
  8266 | D:6      | Found a glowing golden altar of the Shining One.
  8384 | D:7      | Found a radiant altar of Vehumet.
  8489 | D:7      | Found a sacrificial altar of Ru.
  9102 | D:7      | Found Leocast's Weapon Boutique.
  9139 | D:7      | Bought a throwing net for 45 gold pieces
  9480 | D:7      | Learned a level 4 spell: Ice Form
  9581 | D:8      | Found Xefoeczykh's Magic Scroll Shoppe.
  9589 | D:8      | Bought a scroll of teleportation for 42 gold pieces
  9589 | D:8      | Bought a scroll of identify for 28 gold pieces
  9589 | D:8      | Bought a scroll of identify for 28 gold pieces
  9592 | D:8      | Noticed Psyche
  9650 | D:8      | Reached skill level 11 in Ice Magic
  9826 | D:8      | Found a runed translucent gate.
  9826 | D:8      | Found a runed translucent gate.
  9826 | D:8      | Found a runed translucent gate.
  9826 | D:8      | Noticed a brown ugly thing
  9830 | D:8      | Noticed a white ugly thing
  9925 | D:8      | Killed Psyche
 10026 | D:8      | Noticed Grum
 10042 | D:8      | Killed Grum
 10147 | D:8      | Reached skill level 12 in Ice Magic
 10151 | D:8      | Reached skill level 1 in Fighting
 10380 | D:8      | Reached ** piety under Sif Muna
 10752 | D:9      | Reached XP level 10. HP: 62/77 MP: 13/22
 10902 | D:9      | Noticed a two-headed ogre
 10912 | D:9      | Killed a two-headed ogre
 10913 | D:9      | Reached skill level 5 in Fighting
 11233 | D:9      | Found a staircase to the Lair.
 11353 | D:9      | Noticed a two-headed ogre
 11369 | D:9      | Killed a two-headed ogre
 11543 | Lair:1   | Entered Level 1 of the Lair of Beasts
 11545 | Lair:1   | Identified a scroll of acquirement
 11545 | Lair:1   | Acquired the +4 arbalest "Ogreslayer" {antimagic, rF++ rC++
                  | Int+3 Dex-4}
 11641 | Lair:1   | Found a frozen archway.
 11650 | IceCv    | Entered an ice cave
 11700 | Lair:1   | Noticed a cane toad
 11711 | Lair:1   | Killed a cane toad
 11968 | Lair:1   | Noticed a lindwurm
 11991 | Lair:1   | Killed a lindwurm
 12163 | Lair:1   | Noticed a black mamba
 12173 | Lair:1   | Killed a black mamba
 12174 | Lair:1   | Reached skill level 13 in Ice Magic
 13014 | Lair:2   | Noticed a catoblepas
 13031 | Lair:1   | Reached XP level 11. HP: 86/94 MP: 17/23
 13052 | Lair:1   | Learned a level 7 spell: Ozocubu's Refrigeration
 13098 | Lair:2   | Noticed Sonja
 13148 | Lair:1   | Killed a catoblepas
 13365 | Lair:1   | Killed Sonja
 14738 | Lair:3   | Reached skill level 14 in Ice Magic
 14919 | Lair:3   | Noticed a six-headed hydra
 14932 | Lair:3   | Killed a six-headed hydra
 15079 | Lair:3   | Noticed Amaemon
 15149 | Lair:3   | Noticed a bog body
 15164 | Lair:3   | Killed a bog body
 15261 | Lair:3   | Noticed a bog body
 15278 | Lair:3   | Killed a bog body
 15523 | Lair:3   | Killed Amaemon
 15670 | Lair:3   | Reached *** piety under Sif Muna
 15755 | Lair:3   | Reached skill level 10 in Spellcasting
 16127 | Lair:3   | Found a hole to the Spider Nest.
 16445 | Lair:3   | Noticed a bog body
 16448 | Lair:3   | Killed a bog body
 16449 | Lair:3   | Reached skill level 15 in Ice Magic
 16647 | Lair:3   | Found a staircase to the Swamp.
 16647 | Lair:3   | Noticed a bog body
 16657 | Lair:3   | HP: 4/94 [bog body (12)]
 16658 | Lair:3   | Killed a bog body
 16900 | Lair:3   | Reached XP level 12. HP: 90/101 MP: 21/26
 17026 | Lair:4   | Noticed a death yak
 17042 | Lair:4   | Killed a death yak
 17238 | Lair:4   | Noticed a death yak
 17306 | Lair:4   | Noticed a death yak
 17306 | Lair:4   | Noticed a death yak
 17821 | Lair:4   | Reached skill level 16 in Ice Magic
 18091 | Lair:4   | Identified the +1 cloak of Parts Unknown {+Blink rPois
                  | Will++ Slay-5}
 18482 | Lair:4   | Killed a death yak
 18681 | Lair:4   | Found a staircase to the Slime Pits.
 19082 | Lair:5   | Entered Level 5 of the Lair of Beasts
 19085 | Lair:5   | Reached skill level 17 in Ice Magic
 19497 | Lair:5   | Noticed a catoblepas
 19602 | Lair:5   | Killed a catoblepas
 20097 | Lair:5   | Noticed a seven-headed hydra
 20107 | Lair:5   | Killed a seven-headed hydra
 20108 | Lair:5   | Reached XP level 13. HP: 107/107 MP: 8/27
 20378 | Lair:5   | Reached **** piety under Sif Muna
 20525 | Lair:5   | Reached skill level 18 in Ice Magic
 22058 | Lair:5   | Reached ***** piety under Sif Muna
 22083 | Lair:5   | Reached skill level 5 in Dodging
 22280 | Lair:5   | Reached skill level 10 in Fighting
 22666 | Lair:5   | Received a gift from Sif Muna
 22803 | Lair:5   | Got Feukim's Compendium of Mortuary Vicissitude {god gift}
 22900 | Lair:5   | Noticed a dire elephant
 22913 | Lair:5   | Killed a dire elephant
 22914 | Lair:5   | Gained mutation: Your tail ends in a venomous barb. [Green
                  | Draconian growth]
 22914 | Lair:5   | Reached XP level 14. HP: 121/121 MP: 2/30
 23309 | D:10     | Entered Level 10 of the Dungeon
 23948 | D:10     | Found a runed translucent door.
 24534 | D:10     | Found a blossoming altar of Fedhas.
 24709 | D:10     | Found a basalt altar of Yredelemnul.
 25344 | D:11     | Noticed Harold
 25347 | D:11     | Killed Harold
 25969 | D:11     | You fall into a shaft and drop 3 floors!
 27222 | D:10     | Reached skill level 10 in Dodging
 27457 | D:10     | Received a gift from Sif Muna
 27596 | D:10     | Got Acuus's Encyclopedia of Vapourous Cold {god gift}
 27615 | D:10     | Identified the staff of death "Toysung" {rN+ Will+++ Str-5
                  | Int-3 Dex+6}
 27616 | D:10     | Got the Compilation of the Pestilent Familiar
 27631 | D:10     | Learned a level 5 spell: Freezing Cloud
 28141 | D:12     | Reached skill level 1 in Shields
 28141 | D:12     | Reached skill level 1 in Conjurations
 28798 | D:12     | Found a staircase to the Orcish Mines.
 29123 | D:12     | Found Siakhio's Antique Armour Shop.
 29130 | D:12     | Bought a slimy cloak for 304 gold pieces
 29130 | D:12     | Identified the +1 cloak of Eternal Night {rC+ Str-4 Int+2}
                  | (You bought it in a shop on level 12 of the Dungeon)
 29894 | Orc:1    | Entered Level 1 of the Orcish Mines
 30321 | Orc:2    | Entered Level 2 of the Orcish Mines
 30321 | Orc:2    | Noticed Maurice
 30367 | Orc:2    | Killed Maurice
 31461 | Orc:1    | Received a gift from Sif Muna
 31532 | Orc:2    | Reached XP level 15. HP: 126/126 MP: 4/31
 32446 | Orc:2    | Found Hoyn Qysh's Armour Shop.
 32487 | Orc:2    | Reached skill level 5 in Conjurations
 32670 | Orc:2    | Reached skill level 5 in Shields
 33186 | Orc:2    | Found a staircase to the Elven Halls.
 33444 | Orc:2    | Reached skill level 19 in Ice Magic
 33753 | Orc:2    | Found Oqal's Antique Armour Shop.
 33754 | Orc:2    | Found Pulaffyicw's Magic Scroll Emporium.
 33754 | Orc:2    | Found Akhlerghil's Jewellery Shop.
 33754 | Orc:2    | Found Emoucist's Magic Scroll Shoppe.
 33930 | Orc:2    | Bought the -2 hat of the Alchemist {rElec rPois rF+ rC+ rN+
                  | Will+ rMut rCorr} for 1321 gold pieces
 33930 | Orc:2    | Found the -2 hat of the Alchemist {rElec rPois rF+ rC+ rN+
                  | Will+ rMut rCorr}
 34312 | Spider:1 | Entered Level 1 of the Spider Nest
 34419 | Spider:1 | Received a gift from Sif Muna
 34420 | Spider:1 | Got Sif Muna's Elucidation of Dusty Injury {god gift}
 34433 | Lair:3   | Learned a level 3 spell: Stone Arrow
 35677 | Spider:1 | Learned a level 9 spell: Polar Vortex
 36160 | Spider:1 | Found a runed translucent door.
 36160 | Spider:1 | Found a shimmering altar of Xom.
 36160 | Spider:1 | Noticed Cheops's ghost (adept DrFE)
 36160 | Spider:1 | Identified the +11 great mace of Fimbulwinter {chaos, rPois
                  | rF+ Will+ Int-5}
 37717 | Spider:2 | Noticed Asterion
 37720 | Spider:2 | Killed Asterion
 38149 | Spider:3 | HP: 6/151 [ghost moth (11)]
 38592 | Spider:3 | Noticed an emperor scorpion
 38604 | Spider:3 | Killed an emperor scorpion
 38899 | Spider:3 | Reached skill level 1 in Earth Magic
 40920 | Spider:4 | Entered Level 4 of the Spider Nest
 41298 | Spider:4 | Reached XP level 16. HP: 134/134 MP: 18/32
 41555 | Spider:4 | Noticed Arachne
 41559 | Spider:4 | Killed Arachne
 42525 | Spider:4 | Received a gift from Sif Muna
 42646 | Spider:4 | Got Sif Muna's Almanac of Fulmination {god gift}
 43543 | Spider:4 | Reached skill level 20 in Ice Magic
 43857 | Spider:4 | Reached skill level 5 in Earth Magic
 44057 | Spider:4 | Got a gossamer rune of Zot
 44067 | Spider:4 | Identified the +1 pair of boots of Classification {Will++}
 44337 | Swamp:1  | Entered Level 1 of the Swamp
 44337 | Swamp:1  | Noticed Frances
 44339 | Swamp:1  | Noticed Aizul
 44339 | Swamp:1  | Noticed Kirke
 44342 | Swamp:1  | Killed Frances
 44344 | Swamp:1  | Killed Aizul
 44464 | Swamp:1  | Killed Kirke
 44961 | Swamp:1  | Noticed Louise
 45014 | Swamp:1  | Noticed Mlioglotl
 46494 | Swamp:1  | Killed Mlioglotl
 46671 | Swamp:1  | Killed Louise
 46672 | Swamp:1  | Reached skill level 10 in Shields
 47599 | Swamp:1  | Got the Tome of Reanimation Made Easy
 47859 | Swamp:2  | Reached skill level 1 in Transmutations
 48285 | Swamp:2  | Reached XP level 17. HP: 140/140 MP: 25/33
 48742 | Swamp:2  | Identified the +1 leather armour of Vanib {Fly rCorr Str+3
                  | Int-5}
 49682 | Swamp:3  | Received a gift from Sif Muna
 49684 | Swamp:3  | Got Sif Muna's Compendium of Excruciating Ignition {god
                  | gift}
 49951 | Swamp:3  | Found a runed translucent door.
 49953 | Swamp:3  | Noticed Ypsiuj's ghost (adept GnSk)
 49953 | Swamp:3  | Noticed a tentacled monstrosity
 50755 | Swamp:3  | Learned a level 5 spell: Irradiate
 50804 | Swamp:4  | Entered Level 4 of the Swamp
 51178 | Swamp:4  | Reached skill level 5 in Transmutations
 51414 | Swamp:4  | Found a transporter.
 51425 | Swamp:4  | Noticed Suryr's ghost (adept GnHW)
 51924 | Swamp:4  | Found a transporter.
 54657 | Swamp:4  | HP: 6/140 [27-headed hydra skeleton (5)]
 54657 | Swamp:4  | HP: 1/140 [27-headed hydra skeleton (5)]
 55279 | Swamp:4  | Found a basalt altar of Yredelemnul.
 55293 | Swamp:4  | Got a decaying rune of Zot
 55475 | Swamp:4  | Found a blossoming altar of Fedhas.
 55483 | Swamp:4  | Received a gift from Sif Muna
 55485 | Swamp:4  | Got Sif Muna's Codex of Toxicity and Coordinates {god gift}
 56068 | Elf:1    | Entered Level 1 of the Elven Halls
 56318 | Elf:1    | Paralysed by an air elemental for 1 turns
 56836 | Elf:1    | Noticed Roxanne
 56879 | Elf:1    | Reached skill level 21 in Ice Magic
 57177 | Elf:1    | Reached XP level 18. HP: 147/147 MP: 10/36
 58037 | Elf:1    | Noticed Azrael
 58041 | Elf:1    | Killed Azrael
 59066 | Elf:2    | Found a runed translucent gate.
 59066 | Elf:2    | Found a runed translucent gate.
 59068 | Elf:2    | Found a runed translucent gate.
 59625 | Elf:2    | Reached skill level 22 in Ice Magic
 60034 | Elf:2    | Noticed Agnes
 60040 | Elf:2    | Killed Agnes
 60544 | Elf:3    | Entered Level 3 of the Elven Halls
 61420 | Elf:3    | Received a gift from Sif Muna
 61421 | Elf:3    | Got Sif Muna's Encyclopedia of the Altered Nimbus {god
                  | gift}
 61534 | Elf:3    | Reached skill level 1 in Invocations
 62131 | Elf:3    | Identified the ring "Cufan" {rN+ rCorr Str+6 Stlth-}
 62283 | Elf:3    | HP: 7/147 [+1 vampiric battleaxe (10)]
 62956 | Elf:3    | Identified the +9 mace of Toepas {flame, *Slow rCorr Int+7
                  | Stlth-}
 62958 | Elf:3    | Identified the +1 triple crossbow "Penijiji" {speed, rC++
                  | Stlth+}
 62960 | Elf:3    | Identified the staff of earth "Megupet" {rCorr Str+3}
 63576 | Elf:3    | Identified the ring of Fixation {Wiz rPois rN+ Str+6}
 63581 | Elf:3    | Reached skill level 5 in Invocations
 63715 | Elf:3    | Reached skill level 23 in Ice Magic
 63784 | Elf:3    | Identified the +5 morningstar of the Candle {freeze, *Noise
                  | Dex+4}
 63784 | Elf:3    | Identified the ring "Wuemm" {Fire Int+4 SInv Stlth-}
 63993 | Elf:3    | Acquired a +1 pair of boots of flying
 64022 | Elf:3    | Got Ferixij's Elucidation of the Gargoyle and Position
 64030 | Elf:3    | Identified the +1 helmet of Freedom {Drain rElec rCorr}
 64120 | Elf:3    | Got Teplai's Lectures on Relocated Necromancy
 65233 | Swamp:4  | Reached XP level 19. HP: 145/154 MP: 31/37
 65234 | Swamp:4  | Killed Suryr's ghost
 65238 | Swamp:4  | Identified the ring of the Foremost Defenders {rC+ rN+
                  | Int+2}
 65604 | Orc:2    | Bought a runed cloak for 210 gold pieces
 65615 | Orc:2    | Bought a scroll of teleportation for 42 gold pieces
 65615 | Orc:2    | Bought a scroll of blinking for 105 gold pieces
 65615 | Orc:2    | Bought a scroll of fear for 56 gold pieces
 65746 | D:8      | Found a runed translucent gate.
 65746 | D:8      | Found a runed translucent gate.
 65749 | D:8      | Found a runed translucent gate.
 65750 | D:8      | Noticed smokingjp's ghost (novice GrRe)
 65782 | D:8      | Killed smokingjp's ghost
 66429 | D:13     | Found a gate to the Vaults.
 67349 | D:14     | Noticed Jorgrun
 67356 | D:14     | Killed Jorgrun
 67365 | D:14     | Received a gift from Sif Muna
 67366 | D:14     | Got Sif Muna's Atlas of Combined Ensorcelling {god gift}
 67625 | D:15     | Entered Level 15 of the Dungeon
 68198 | D:15     | Found a shimmering blue altar of Sif Muna.
 68344 | D:15     | Found a staircase to the Depths.
 68993 | Vaults:1 | Entered Level 1 of the Vaults
 69198 | Slime:1  | Entered Level 1 of the Pits of Slime
 69204 | Slime:1  | Gained mutation: You are clumsy. (Dex -2) [a shining eye]
 69447 | Slime:4  | Reached skill level 10 in Invocations
 69450 | Slime:4  | Reached skill level 24 in Ice Magic
 69674 | Slime:5  | Entered Level 5 of the Pits of Slime
 70088 | Slime:5  | Received a gift from Sif Muna
 70091 | Slime:5  | Got Sif Muna's Codex of Transportation and Variation {god
                  | gift}
 70172 | Slime:5  | Found a viscous altar of Jiyva.
 70172 | Slime:5  | Noticed the Royal Jelly
 70190 | Slime:5  | Reached skill level 15 in Spellcasting
 70720 | Slime:5  | Mangled by a rockslime

Illustrated notes

Levels and vault maps discovered:
D:1:      onia_arrival_zoo_common, layout_loops_ring, basic_ecumenical_altar,
          serial_bayou_pond_e, corexii_hall_statues_s, corexii_corridor_pit
D:2:      layout_loops_corners, serial_undead, serial_undead_e, serial_undead_a,
          serial_undead_f, serial_undead_a, nrook_uturn, uniq_terence,
          uniq_robin, uniq_natasha
D:3:      layout_basic, lemuel_crystal_altar, nicolae_qazlal_scattered_showers,
          hellmonk_okawaru_the_only_friend_you_need, minmay_misc_feat_cross
D:4:      kennysheep_slugbush, layout_basic, uniq_eustachio
D:5:      minmay_skewed_foursquare, layout_basic, nicolae_elyvilon_temple_path,
          doesnt_xom_only_xom, minmay_temple_entry_glassed_door
D:6:      layout_basic, tso_oasis_becter, bloody_makhleb,
          mainiacjoe_overflow_tiny_flanked, gup_sewer_entry_spiral,
          minmay_hedge_maze, uniq_duvessa
D:7:      layout_basic, nicolae_ru_awakened_eye, vehumet_altar_wand_db,
          serial_shops, nicolae_shop_bloodbath_and_beyond,
          chequers_serial_rivers_large_b, lemuel_flame_loot_1
D:8:      layout_rooms, ploomutoo_gammafunk_ghost_potion_laboratory,
          serial_shops, shop, uniq_psyche, uniq_grum
D:9:      layout_basic, lair_entry_dummy
D:10:     minmay_the_grid_triangle_9x9_rhombus_full
          [minmay_the_grid_triangle_9x9_odd_lines,
          minmay_the_grid_triangle_9x9_impossible_snake,
          minmay_the_grid_triangle_9x9_pentomino_pain,
          minmay_the_grid_triangle_9x9_wacky_v,
          minmay_the_grid_triangle_9x9_subtriangle,
          minmay_the_grid_triangle_9x9_sparse_checkered,
          minmay_the_grid_triangle_9x9_semitri,
          minmay_the_grid_triangle_9x9_prize_top_heavy], layout_rooms,
          lemuel_coloured_pillars_altar, fedhas_bush_and_centaur_altar
D:11:     layout_basic, uniq_harold
D:12:     layout_loops_corners, zombieorc1_lemuel, serial_shops, shop,
          nicolae_figureground_sparkle
D:13:     layout_cave_pools, lightli_vaults_fourway_checkpoint
D:14:     layout_cave_pools, grunt_decor_one_mirror, uniq_jorgrun
D:15:     hangedman_depths_entry_civil_slaughter, layout_basic, led_sif_pool,
          kennysheep_flooded_box
Temple:   chequers_temple_sunken
Lair:1:   layout_regular_city, portal_ice_cave_entry_pillars_2,
          grunt_megastairs_1, lemuel_fruit_fields
Lair:2:   layout_regular_city, serial_rivers, chequers_serial_rivers_large_a,
          chequers_serial_rivers_micro_d, chequers_serial_rivers_micro_a,
          chequers_serial_rivers_micro_b, lemuel_fruit_fields, uniq_sonja
Lair:3:   layout_cave_pods, nicolae_swamp_entry_splash_gauntlet,
          spider_nest_entry_webs, dreamdust_gnoll_shepherd, uniq_amaemon
Lair:4:   layout_regular_city, slime_entry_1
Lair:5:   grunt_lair_end_beastmaster, layout_layer_cave, st_stairs_10,
          chequers_serial_rivers_micro_e
Swamp:1:  layout_falls_marsh, evilmike_swamp_ruin_house_5,
          nicolae_swamp_necromancy_gone_wrong, infiniplex_staircase_pool_2,
          uniq_frances, uniq_louise, uniq_mlioglotl, uniq_kirke, uniq_aizul
Swamp:2:  layout_falls_marsh, nicolae_swamp_round_clearing, swamp_pool5
Swamp:3:  layout_basic_swamp, ebering_ghost_inner_flame,
          evilmike_swamp_ruin_house_2
Swamp:4:  byrel_swamp_growth_death_and_undeath, layout_basic_swamp,
          gammafunk_ghost_berserking_beasts
Spider:1: layout_cave_pods, ebering_ghost_xom, drop_trap
Spider:2: layout_cave_pods, nicolae_spider_cling_halls, uniq_asterion
Spider:3: layout_spider_delve
Spider:4: grunt_spider_rune_island, drop_trap, guppyfry_spider_mini_3,
          uniq_arachne
Slime:1:  layout_caves
Slime:2:  layout_caves, cheibrodos_slime_lost_civilization_7
Slime:3:  layout_caves, nicolae_slime_crime_time
Slime:4:  nicolae_slime_jelly_donut, layout_caves
Slime:5
Orc:1:    layout_caves
Orc:2:    st_orc_ogre_mass, layout_caves, serial_shops, nicolae_shop_scrapyard,
          basic_altar, uniq_maurice
Elf:1:    eino_elf_arrival_sip, layout_geoelf_grid, hangedman_corner_corridor,
          uniq_roxanne, uniq_azrael
Elf:2:    nicolae_elf_blades_splatter_lattice [grunt_blade_entry_basic],
          layout_loops_corners, chequers_hall_statues_y, uniq_agnes, uniq_zenata
Elf:3:    grunt_elf_hall_spiral, layout_loops_ring, st_stairs_13
Vaults:1: portal_desolation_entry_nicolae_nacl, v_misc_30,
          ontoclasm_vaults_fault, nicolae_vaults_meiosis,
          nicolae_vaults_circle_grid_a, v_misc_24,
          nicolae_vaults_network_square, ontoclasm_vaults_decontamination,
          layout_vaults_omnigrid, serial_shops, shop

Skill      XL: |  1  2  3  4  5  6  7  8  9 10 11 12 13 14 15 16 17 18 19 |
---------------+----------------------------------------------------------+-----
Ice Magic      | 5 6 7 8 10 12 13 15 17 18 19 20 21 23 24 | 24.0
Spellcasting   | 3 4 5 6 8 10 12 14 15 | 15.0
Fighting       | 3 8 10 | 10.0
Dodging        | 6 10 | 10.0
Shields        | 4 7 10 | 10.0
Conjurations   | 4 7 8 |  8.0
Earth Magic    | 3 7 8 |  8.0
Transmutations | 1 8 |  8.0
Invocations    | 6 10 | 10.0
Stealth        | |  1.7

Action                     |  1- 3 |  4- 6 |  7- 9 | 10-12 | 13-15 | 16-18 | 19-21 || total
---------------------------+-------+-------+-------+-------+-------+-------+-------++-------
  Melee: Unarmed           |     5 |       |    16 |    39 |   105 |    22 |       ||   187
         Short sword       |     9 |       |       |       |       |       |       ||     9
         Tailslap          |     2 |     1 |    25 |     5 |    31 |     4 |       ||    68
         Mace              |       |    13 |       |       |       |       |       ||    13
         Flail             |       |     1 |     7 |       |       |       |       ||     8
         Dagger            |       |       |   124 |     1 |       |       |       ||   125
         Punch             |       |       |     3 |     1 |     2 |       |       ||     6
         Falchion          |       |       |       |    21 |    95 |       |       ||   116
         Staff             |       |       |       |       |    45 |   122 |    12 ||   179
   Cast: Freeze            |    30 |    39 |    91 |    80 |       |       |       ||   240
         Frozen Ramparts   |     1 |    35 |    55 |    53 |    27 |     2 |       ||   173
         Ozocubu's Armour  |       |       |    23 |    31 |    22 |     3 |       ||    79
         Summon Ice Beast  |       |       |     4 |    21 |    44 |    26 |     1 ||    96
         Ice Form          |       |       |     1 |     3 |    13 |     2 |       ||    19
         Ozocubu's Refrige |       |       |       |    64 |   342 |   422 |    45 ||   873
         Freezing Cloud    |       |       |       |       |     3 |     2 |     1 ||     6
         Stone Arrow       |       |       |       |       |    12 |   218 |    69 ||   299
         Irradiate         |       |       |       |       |       |     5 |       ||     5
         Polar Vortex      |       |       |       |       |       |     3 |    23 ||    26
 Invoke: Forget Spell      |       |       |       |       |     1 |       |       ||     1
Ability: Breathe Noxious F |       |       |     3 |     1 |     2 |       |       ||     6
  Evoke: Wand              |       |       |       |     2 |     5 |    23 |       ||    30
    Use: Scroll            |       |       |    17 |    10 |    11 |    26 |     4 ||    68
         Potion            |       |       |       |     1 |    10 |    24 |       ||    35
   Stab: Distracted        |       |       |       |       |     3 |     1 |       ||     4
         Invisible         |       |       |       |       |     2 |       |       ||     2
 Armour: Skin              |     9 |    20 |    81 |    94 |   147 |   183 |    37 ||   571
  Dodge: Dodged            |    20 |    41 |   178 |   214 |   390 |   273 |    48 ||  1164
  Block: Buckler           |       |       |       |       |    40 |   205 |    21 ||   266
         Reflection        |       |       |       |       |       |    12 |     1 ||    13
